 Dungeon Crawl Stone Soup version 0.23.0-3-gf3c87f2 (webtiles) character file.

Game seed: 6839740624059031704

210 xccam the Chiller (level 5, -6/41 HPs)
             Began as a Gnoll Wanderer on Feb 20, 2019.
             Killed by divine providence
             ... invoked by an orc priest
              (14 damage)
             ... on level 4 of the Dungeon.
             The game lasted 00:05:21 (2563 turns).

xccam the Chiller (Gnoll Wanderer)                  Turns: 2563, Time: 00:05:23

Health: -6/41      AC:  5    Str: 14    XL:     5   Next: 88%
Magic:  9/9        EV: 10    Int: 15    God:
Gold:   133        SH:  4    Dex: 18    Spells: 9/10 levels left

rFire    . . .     SeeInvis .   a - +2 dagger (elec)
rCold    . . .     Gourm    .   i - +0 buckler
rNeg     . . .     Faith    .   k - +0 ring mail
rPois    .         Spirit   .   (no helmet)
rElec    .         Reflect  .   (no cloak)
rCorr    .         Harm     .   (no gloves)
MR       .....                  (no boots)
Stlth    +++.......             (no amulet)
HPRegen  0.13/turn              l - +3 ring of dexterity
MPRegen  0.11/turn              (no ring)

@: no status effects
A: distributed training, fangs 1, strong nose
a: no special abilities


You were on level 4 of the Dungeon.
You were hungry.

You visited 1 branch of the dungeon, and saw 4 of its levels.

You collected 133 gold pieces.

Inventory:

Hand Weapons
 a - a +2 dagger of electrocution (weapon)
 b - a +0 hunting sling
Missiles
 e - 8 sling bullets
 h - 175 stones (quivered)
 j - 29 bolts
Armour
 i - a +0 buckler (worn)
 k - a +0 ring mail (worn)
Jewellery
 l - a +3 ring of dexterity (left hand)
Scrolls
 c - a scroll of blinking
 n - a scroll of teleportation {unknown}
 p - 2 scrolls of noise {unknown}
 q - a scroll of random uselessness {unknown}
 r - a scroll of enchant weapon {unknown}
Potions
 d - 3 potions of heal wounds
 g - 2 potions of resistance
 o - 4 potions of brilliance
 s - 2 potions of agility {unknown}
 t - 2 potions of curing {unknown}
 u - a potion of flight {unknown}
Comestibles
 f - 4 rations


   Skills:
 + Level 3.0 Fighting
 + Level 1.6 Short Blades
 + Level 1.6 Long Blades
 + Level 1.6 Axes
 + Level 1.6 Maces & Flails
 + Level 1.6 Polearms
 + Level 3.0 Staves
 + Level 1.6 Slings
 + Level 1.6 Bows
 + Level 1.6 Crossbows
 + Level 1.6 Throwing
 + Level 1.6 Armour
 + Level 1.6 Dodging
 + Level 6.2 Stealth
 + Level 1.6 Shields
 + Level 1.6 Unarmed Combat
 + Level 3.2 Spellcasting
 + Level 1.3 Conjurations
 + Level 1.3 Hexes
 + Level 1.3 Charms
 + Level 1.3 Summonings
 + Level 1.3 Necromancy
 + Level 1.3 Translocations
 + Level 1.3 Transmutations
 + Level 1.3 Fire Magic
 + Level 7.2 Ice Magic
 + Level 1.3 Air Magic
 + Level 1.3 Earth Magic
 + Level 1.3 Poison Magic
 + Level 1.8 Invocations
 + Level 1.6 Evocations


You had 9 spell levels left.
You knew the following spells:

 Your Spells              Type           Power        Failure   Level  Hunger
a - Sting                 Conj/Pois      #...         32%         1    #......

Your spell library contained the following spells:

 Spells                   Type           Power        Failure   Level  Hunger
 Ensorcelled Hibernation  Hex/Ice        ###...       14%         2    ##.....
 Throw Frost              Conj/Ice       ###...       14%         2    ##.....
 Mephitic Cloud           Conj/Pois/Air  #.......     67%         3    ###....


Dungeon Overview and Level Annotations

Branches:
Dungeon (4/15)
 Temple: D:4-7

Altars:
Zin

Annotations:
D:3 2 transporters, Uhlv's ghost, amateur HaAK


Innate Abilities, Weirdness & Mutations

Your experience applies equally to all skills.
You have very sharp teeth.
Your uncanny sense of smell can sniff out nearby items.


Message History

The tomahawk misses you. The orc priest closely misses you.
The orc closely misses you.
Unknown command.
You barely miss the orc priest.
Unknown command.
You hit the orc priest but do no damage.
Lightning courses through the orc priest!
You bite the orc priest.
The orc priest is severely wounded.
The orc barely misses you.
The orc priest hits you with a +0 flail.
* * * LOW HITPOINT WARNING * * *
The orc misses you.
You hit the orc priest.
You bite the orc priest, but do no damage.
The orc priest is severely wounded.
The orc hits you but does no damage.
The orc priest invokes the aid of Beogh against you.
Beogh smites you!
You die...

∆ . ########..
######.....(...
#####..............
######.................(
................oo.(.(((
...........(....@o....(.
...............#######..
<.....####.....# ......#
#.....# ......# #.....#
......# #.....# #######
#######


You could see an orc priest and 2 orcs.

Vanquished Creatures
  A centaur skeleton (D:4)
  An orc priest (D:4)
  Jessica (D:3)
  5 adders
  An ooze (D:2)
  3 worms
  A dart slug (D:3)
  3 leopard geckos
  8 bats
  3 giant cockroaches
  6 goblins
  6 hobgoblins
  11 kobolds
  3 quokkas
  A ball python (D:2)
  5 frilled lizards
  6 rats
65 creatures vanquished.

Notes
Turn   | Place    | Note
-------+----------+-------------------------------------------
     0 | D:1      | xccam the Gnoll Wanderer began the quest for the Orb.
     0 | D:1      | xccam set off with the following items: a +2 dagger, a
                  | scroll of blinking, a +0 robe, a ration; and the following
                  | spell memorised: Sting; and the following spells available
                  | to memorise: Ensorcelled Hibernation, Throw Frost, Mephitic
                  | Cloud
     0 | D:1      | Reached XP level 1. HP: 17/17 MP: 4/4
    97 | D:1      | Reached XP level 2. HP: 20/23 MP: 5/5
   592 | D:2      | Reached XP level 3. HP: 28/28 MP: 7/7
   666 | D:2      | Reached skill level 1 in Invocations
  1044 | D:2      | Reached skill level 1 in Short Blades
  1044 | D:2      | Reached skill level 1 in Long Blades
  1044 | D:2      | Reached skill level 1 in Axes
  1044 | D:2      | Reached skill level 1 in Maces & Flails
  1044 | D:2      | Reached skill level 1 in Polearms
  1044 | D:2      | Reached skill level 1 in Slings
  1044 | D:2      | Reached skill level 1 in Bows
  1044 | D:2      | Reached skill level 1 in Crossbows
  1044 | D:2      | Reached skill level 1 in Throwing
  1044 | D:2      | Reached skill level 1 in Armour
  1044 | D:2      | Reached skill level 1 in Dodging
  1044 | D:2      | Reached skill level 1 in Shields
  1044 | D:2      | Reached skill level 1 in Unarmed Combat
  1044 | D:2      | Reached skill level 1 in Evocations
  1165 | D:2      | Reached XP level 4. HP: 34/34 MP: 8/8
  1409 | D:2      | Found a glowing silver altar of Zin.
  1921 | D:3      | Found a transporter.
  1925 | D:3      | Noticed Uhlv's ghost (amateur HaAK)
  2077 | D:3      | Reached skill level 1 in Conjurations
  2077 | D:3      | Reached skill level 1 in Hexes
  2077 | D:3      | Reached skill level 1 in Charms
  2077 | D:3      | Reached skill level 1 in Summonings
  2077 | D:3      | Reached skill level 1 in Necromancy
  2077 | D:3      | Reached skill level 1 in Translocations
  2077 | D:3      | Reached skill level 1 in Transmutations
  2077 | D:3      | Reached skill level 1 in Fire Magic
  2077 | D:3      | Reached skill level 1 in Air Magic
  2077 | D:3      | Reached skill level 1 in Earth Magic
  2077 | D:3      | Reached skill level 1 in Poison Magic
  2138 | D:3      | Reached XP level 5. HP: 36/40 MP: 9/9
  2211 | D:3      | Noticed Jessica
  2223 | D:3      | Killed Jessica
  2305 | D:3      | Found a transporter.
  2563 | D:4      | Killed from afar by an orc priest

Skill      XL: |  1  2  3  4  5 |
---------------+----------------+-----
Stealth        | 6 |  6.2
Invocations    | 1 |  1.8
Short Blades   | 1 |  1.6
Long Blades    | 1 |  1.6
Axes           | 1 |  1.6
Maces & Flails | 1 |  1.6
Polearms       | 1 |  1.6
Slings         | 1 |  1.6
Bows           | 1 |  1.6
Crossbows      | 1 |  1.6
Throwing       | 1 |  1.6
Armour         | 1 |  1.6
Dodging        | 1 |  1.6
Shields        | 1 |  1.6
Unarmed Combat | 1 |  1.6
Evocations     | 1 |  1.6
Spellcasting   | 3 |  3.2
Conjurations   | 1 |  1.3
Hexes          | 1 |  1.3
Charms         | 1 |  1.3
Summonings     | 1 |  1.3
Necromancy     | 1 |  1.3
Translocations | 1 |  1.3
Transmutations | 1 |  1.3
Fire Magic     | 1 |  1.3
Air Magic      | 1 |  1.3
Earth Magic    | 1 |  1.3
Poison Magic   | 1 |  1.3
Fighting       | 3 |  3.0
Staves         | 3 |  3.0
Ice Magic      | |  7.2

Action                   |  1- 3 |  4- 6 || total
-------------------------+-------+-------++-------
Melee: Dagger            |       |    45 ||    45
       Bite              |       |     5 ||     5
 Fire: Hunting sling     |   133 |    56 ||   189
  Use: Scroll            |     1 |     3 ||     4
 Stab: Sleeping          |       |     2 ||     2
  Eat: Ration            |       |     1 ||     1
       Chunk             |       |     1 ||     1
Armor: Robe              |    10 |       ||    10
       Ring mail         |    23 |    19 ||    42
Dodge: Dodged            |    35 |    40 ||    75
Block: Buckler           |     7 |    13 ||    20
